Map: [ESL] Hard Lead

Players

Oliveira - Winner!

  • Race: Terran Terran
  • Spawn Location: 5:00

MeomaikA

  • Race: Zerg Zerg
  • Spawn Location: 11:00

Event: ESL SC2 Masters 2023 Winter (Regional)

VOD

Have the link to the VOD?

Description

Time

  • Played on: Nov. 10, 2023, 7:44 a.m.
  • Length: 13:59

All games in this series

Show
View Real Time Build Order
Export as new Build Order

Oliveira Terran - Winner!

Build Orders:  

Get SALT Encoding   

  12  0:00  SCV  
  13  0:12  SCV  
  14  0:17  Supply Depot  
  14  0:24  SCV  
  15  0:39  SCV  
  15  0:40  Barracks  
  16  0:46  Refinery  
  16  0:51  SCV  
  17  1:00  Barracks  
  17  1:03  SCV  
  18  1:15  SCV  
  19  1:29  Orbital Command, Reaper  
  19  1:32  Supply Depot  
  20  1:47  Reaper  
  21  1:54  SCV  
  22  2:06  SCV, Reaper  
  24  2:11  Command Center  
  24  2:19  SCV  
  25  2:25  Barracks Reactor  
  25  2:27  Barracks  
  25  2:31  SCV  
  26  2:43  SCV  
  27  2:47  Barracks Tech Lab  
  27  2:49  Barracks  
  27  2:55  SCV  
  28  3:02  Marine  
  28  3:03  Marine  
  29  3:06  Marine  
  29  3:10  SCV  
  31  3:13  Stimpack  
  31  3:22  Marine x2  
  31  3:23  Orbital Command  
  31  3:24  Marine  
  34  3:27  Barracks Tech Lab  
  34  3:28  SCV  
  35  3:40  Marine x2  
  37  3:45  Marine  
  37  3:46  Marine, SCV  
  39  3:50  Marine, SCV  
  39  3:51  Refinery  
  39  3:54  Supply Depot  
  40  3:56  Combat Shield  
  40  3:57  Marine  
  40  3:58  Marine, SCV  
  40  4:02  SCV  
  44  4:03  Marine  
  44  4:04  Marine  
  44  4:05  Supply Depot  
  46  4:15  Marine x2  
  46  4:16  SCV x2  
  50  4:18  Marine  
  50  4:19  Supply Depot  
  50  4:20  Marine  
  50  4:22  Marine  
  53  4:28  SCV  
  53  4:29  Factory  
  53  4:30  SCV  
  55  4:33  Marine x2  
  55  4:37  Marine  
  55  4:38  Supply Depot  
  58  4:40  SCV  
  58  4:42  SCV  
  58  4:43  Marine  
  58  4:44  Marine  
  62  4:51  Marine  
  62  4:52  SCV  
  64  4:53  Marine  
  64  4:55  SCV  
  64  4:59  Marine  
  63  5:02  Marine  
  63  5:04  SCV  
  63  5:06  Marine  
  66  5:08  SCV  
  66  5:09  Marine  
  69  5:14  Factory Reactor, Supply Depot  
  69  5:16  Refinery  
  69  5:17  Marine  
  69  5:18  Starport  
  69  5:21  Barracks Reactor  
  69  5:22  SCV x2  
  69  5:25  Marine  
  69  5:27  Engineering Bay  
  72  5:30  Supply Depot, Marine  
  72  5:31  Marine  
  74  5:39  Marine  
  74  5:40  SCV  
  59  5:43  Marine  
  59  5:44  SCV  
  59  5:47  Marine  
  59  5:49  Marine  
  63  5:54  Terran Infantry Weapons Level 1  
  63  5:56  SCV  
  64  5:58  Command Center, SCV  
  65  6:04  Medivac x2  
  65  6:06  Marine x2  
  65  6:09  SCV  
  65  6:10  Marine  
  69  6:11  Refinery  
  69  6:13  SCV  
  69  6:16  Barracks Reactor  
  70  6:19  Widow Mine  
  70  6:20  Widow Mine  
  70  6:21  Marine  
  70  6:22  SCV  
  70  6:25  Marine  
  77  6:26  Marine, Supply Depot  
  77  6:30  Marine  
  79  6:34  Medivac x2  
  79  6:38  Barracks, Marine  
  84  6:42  SCV  
  84  6:43  Marine  
  84  6:44  Marine, Widow Mine  
  84  6:46  Widow Mine  
  91  6:48  SCV  
  91  6:51  Marine  
  91  6:52  Supply Depot  
  92  6:55  Marine x2  
  94  7:07  Marine  
  94  7:15  Marine  
  94  7:17  Orbital Command  
  94  7:18  SCV  
  94  7:20  SCV  
  94  7:21  Liberator x2  
  94  7:22  Siege Tank  
  105  7:23  Marine x3  
  105  7:27  Barracks Reactor  
  105  7:28  Supply Depot  
  108  7:36  Armory  
  108  7:37  Marine, Engineering Bay  
  108  7:39  Marine  
  108  7:40  Orbital Command  
  108  7:42  SCV  
  111  7:46  SCV  
  111  7:47  Marine  
  111  7:49  Marine  
  113  7:54  Marine x2, SCV  
  113  7:55  Siege Tank  
  119  7:58  SCV  
  119  7:59  Marine  
  119  8:00  Supply Depot  
  119  8:02  Marine  
  122  8:06  SCV  
  122  8:07  Marine x2, SCV  
  122  8:11  Marine  
  122  8:12  Liberator  
  130  8:15  Terran Infantry Armor Level 1  
  130  8:18  Marine, SCV  
  130  8:19  Marine x2  
  133  8:22  SCV  
  133  8:25  Supply Depot  
  133  8:26  Supply Depot  
  134  8:29  Terran Infantry Weapons Level 2  
  134  8:30  Marine x2  
  134  8:32  SCV  
  134  8:34  Siege Tank  
  140  8:35  Marine  
  141  8:42  Sensor Tower  
  141  8:44  Refinery  
  141  8:45  Refinery  
  141  8:46  Marine x5  
  145  8:51  Supply Depot  
  145  8:52  Supply Depot  
  145  8:54  Liberator  
  148  8:55  Marine  
  148  8:58  SCV x2  
  148  8:59  Marine, SCV  
  153  9:04  Terran Vehicle Weapons Level 1  
  153  9:06  Marine x3  
  153  9:07  Marine x2  
  152  9:11  Siege Tank  
  152  9:13  Marine x2  
  152  9:15  Medivac  
  159  9:17  Marine x2  
  159  9:22  Factory  
  159  9:23  Marine, Supply Depot  
  161  9:40  Marine  
  161  9:41  Marine x2  
  161  9:43  Marine x2  
  166  9:46  Marine  
  166  9:51  Marine x3  
  166  9:52  Siege Tank, Medivac x2  
  177  9:56  Supply Depot  
  177  9:57  Supply Depot  
  177  9:58  Marine x2  
  177  9:59  Command Center  
  178  10:08  Marine  
  178  10:10  Marine  
  178  10:11  Marine  
  181  10:16  Factory Tech Lab  
  181  10:17  Supply Depot  
  181  10:18  Supply Depot, Marine x4  
  185  10:23  Terran Infantry Armor Level 2  
  185  10:25  Marine x2  
  185  10:26  Siege Tank, Marine  
  191  10:31  Marine  
  191  10:33  Marine  
  188  10:44  Marine x5  
  193  10:51  Marine  
  193  10:55  Siege Tank  
  193  10:56  Liberator  
  199  10:59  Marine  
  180  11:11  Marine x3  
  153  11:13  Siege Tank  
  153  11:15  Liberator, Marine  
  153  11:17  Terran Infantry Weapons Level 3  
  157  11:19  Marine x2  
  157  11:23  Marine  
  157  11:25  Marine  
  158  11:26  SCV x2  
  158  11:28  SCV, Marine  
  162  11:37  Marine x2  
  162  11:38  Marine  
  165  11:40  Siege Tank  
  165  11:41  Liberator  
  165  11:43  Marine x2  
  146  11:47  Marine x2  
  146  11:50  Marine x2  
  146  11:52  Siege Tank  
  129  11:55  Marine  
  129  11:58  Liberator, Marine  
  129  12:00  Marine  
  115  12:03  Marine  
  115  12:06  Marine  
  115  12:07  Marine  
  115  12:08  SCV x2  
  105  12:10  Marine  
  105  12:11  Marine  
  105  12:13  Hellion  
  98  12:15  Marine  
  98  12:17  Marine  
  98  12:18  Marine  
  98  12:21  Marine  
  92  12:24  Liberator, Hellion  
  92  12:29  Marine  
  98  12:32  Barracks Reactor  
  98  12:33  Marine x2  
  98  12:34  Siege Tank, SCV x2  
  98  12:36  Marine  
  98  12:37  Marine  
  96  12:43  Planetary Fortress  
  96  12:44  SCV  
  96  12:45  Siege Tank  
  96  12:46  Marine, SCV  
  96  12:51  Medivac  
  103  12:52  SCV  
  103  12:54  Marine  
  105  12:58  Marine  
  105  13:00  Marine x2  
  105  13:03  SCV x2  
  105  13:04  SCV  
  105  13:05  Marine x3  
  114  13:09  Medivac  
  114  13:10  Siege Tank  
  119  13:14  Marine  
  119  13:15  SCV, Marine x2  
  119  13:17  Marine  
  119  13:18  Marine x2  
  126  13:20  Siege Tank  
  126  13:22  Marine, SCV x2  
  126  13:23  SCV  
  126  13:26  Marine x2  
  135  13:30  SCV  
  135  13:32  Marine  
  135  13:33  Marine  
  135  13:34  Marine  
  137  13:35  Marine  
  137  13:36  Marine x2  
  137  13:40  Marine  
  137  13:41  SCV x3  
Show
View Real Time Build Order
Export as new Build Order

MeomaikA Zerg 

Build Orders: Pool First 

Get SALT Encoding   

  12  0:00  Drone  
  13  0:12  Overlord  
  13  0:17  Drone  
  14  0:30  Drone x2  
  14  0:34  Drone  
  17  0:44  Spawning Pool  
  17  0:47  Drone  
  17  1:07  Hatchery  
  17  1:10  Drone  
  17  1:12  Extractor  
  17  1:14  Drone  
  17  1:18  Drone  
  18  1:30  Queen  
  18  1:31  Zergling x2  
  21  1:38  Drone  
  22  1:49  Overlord  
  22  2:06  Queen  
  24  2:09  Drone  
  24  2:11  Drone, Metabolic Boost  
  26  2:19  Drone, Queen  
  29  2:23  Drone  
  30  2:31  Drone  
  30  2:32  Drone  
  32  2:43  Spore Crawler  
  31  2:45  Drone x2  
  34  2:52  Drone  
  34  2:54  Drone  
  35  3:17  Hatchery  
  35  3:19  Lair, Overlord  
  34  3:20  Zergling x4  
  34  3:23  Extractor  
  34  3:24  Drone, Extractor  
  34  3:25  Drone  
  34  3:43  Drone x3  
  34  3:49  Zergling x2, Drone x2  
  34  3:50  Zergling x2  
  34  3:51  Zergling x6  
  41  3:59  Drone  
  41  4:02  Drone  
  43  4:03  Drone  
  43  4:05  Overlord  
  44  4:19  Infestation Pit  
  44  4:20  Drone, Overlord  
  44  4:22  Overlord  
  44  4:27  Drone x2  
  45  4:32  Drone x2  
  45  4:36  Drone x2  
  49  4:41  Hydralisk Den  
  49  4:43  Drone  
  49  4:45  Drone  
  50  4:47  Drone  
  51  4:55  Infestor x2  
  51  4:59  Zergling x2  
  54  5:00  Zergling x2  
  54  5:03  Zergling x2  
  54  5:04  Zergling x2  
  54  5:06  Zergling x2  
  57  5:08  Zergling x2  
  57  5:10  Zergling x2  
  57  5:11  Zergling x2  
  57  5:13  Zergling x2  
  60  5:15  Zergling x2  
  60  5:17  Zergling x2  
  60  5:18  Zergling x2  
  60  5:20  Zergling x2  
  62  5:24  Muscular Augments  
  62  5:31  Hydralisk x2  
  62  5:33  Zergling x4  
  68  5:39  Zergling x4  
  68  5:40  Zergling x4  
  68  5:41  Zergling x2  
  61  5:43  Zergling x2  
  61  5:45  Zergling x2  
  61  5:49  Hydralisk  
  63  5:53  Overlord  
  65  6:00  Overlord  
  65  6:03  Overlord  
  62  6:11  Hydralisk x3  
  62  6:13  Zergling x2  
  62  6:14  Drone  
  62  6:16  Drone  
  71  6:18  Drone  
  71  6:19  Drone  
  71  6:20  Drone  
  71  6:22  Drone  
  71  6:25  Drone  
  76  6:26  Drone  
  76  6:27  Drone  
  76  6:28  Grooved Spines  
  76  6:30  Drone  
  76  6:31  Drone  
  80  6:33  Drone  
  80  6:34  Drone  
  80  6:37  Overlord  
  82  6:40  Overlord  
  82  6:52  Overlord  
  82  6:56  Hydralisk x3  
  82  6:57  Zergling x4  
  82  6:59  Zergling x8  
  82  7:01  Zergling x2  
  95  7:07  Zergling x4  
  91  7:13  Zergling x6  
  92  7:15  Drone  
  92  7:16  Drone x2  
  92  7:17  Zergling x2  
  92  7:18  Zergling x2  
  92  7:19  Zergling x2  
  98  7:24  Drone x3  
  98  7:25  Drone  
  102  7:40  Drone x2, Evolution Chamber  
  102  7:41  Evolution Chamber  
  102  7:44  Hatchery  
  102  7:45  Drone x4  
  105  7:56  Overlord  
  105  7:57  Overlord  
  105  7:59  Extractor  
  105  8:02  Hive  
  104  8:07  Zergling x2, Overlord  
  105  8:13  Zerg Melee Weapons Level 1, Zerg Ground Armor Level 1, Queen  
  105  8:15  Hydralisk x2  
  105  8:16  Zergling x2, Hydralisk  
  105  8:17  Zergling x2  
  105  8:18  Zergling x2  
  116  8:21  Zergling x4  
  116  8:22  Zergling x2  
  116  8:24  Zergling x2  
  120  8:28  Zergling x8  
  120  8:30  Zergling x4  
  120  8:31  Zergling x2  
  120  8:32  Zergling x2  
  128  8:35  Overlord  
  128  8:45  Zergling x2  
  128  8:47  Overlord  
  129  8:59  Zergling x16, Overlord  
  137  9:14  Adrenal Glands, Overlord  
  137  9:15  Drone x3  
  137  9:16  Ultralisk Cavern, Overlord  
  139  9:23  Overlord  
  141  9:29  Zergling x12  
  140  9:32  Zergling x2  
  140  9:34  Zergling x2  
  142  9:39  Zergling x6, Hatchery  
  142  9:40  Zergling x2, Overlord  
  136  10:08  Evolution Chamber  
  136  10:09  Evolution Chamber  
  136  10:12  Zergling x2, Ultralisk x4  
  136  10:13  Zergling x4  
  161  10:15  Overlord  
  161  10:22  Overlord x2  
  160  10:35  Zergling x2  
  160  10:36  Zergling x16  
  164  10:44  Zergling x4  
  164  10:45  Zergling x10  
  171  10:54  Zerg Melee Weapons Level 2, Zerg Ground Armor Level 2  
  147  11:06  Zergling x10, Ultralisk x2  
  147  11:08  Zergling x2  
  147  11:09  Zergling x2  
  147  11:10  Zergling x2  
  140  11:23  Zergling x2  
  140  11:24  Zergling x4  
  142  11:29  Hatchery  
  142  11:31  Zergling x4  
  134  11:35  Zergling x2  
  134  11:39  Zergling x2  
  132  11:42  Zergling x2  
  75  12:09  Hydralisk  
  62  12:25  Hydralisk x2  
  62  12:27  Hydralisk  
  47  12:47  Drone x3  
  47  12:48  Drone  
  50  12:54  Hatchery  
  50  12:55  Hydralisk  
  51  13:04  Drone x3  
  54  13:16  Hydralisk x2  
  57  13:21  Hydralisk  
  59  13:36  Drone x3  
  62  13:48  Spawning Pool  
Tags
 
Add a new tag
Caveats
  • Supply blocks, unpowered buildings, or Contaminate may cause inaccurate times.
  • Supply counts are checked every 10 seconds.